AoeStats
← The_Economist

Arabia

510375655Analyzed
1v1 RM · 19h ago on Sep 30, 2026· 29m 55s· 2 players
Game mode
Random Map
Map size
Tiny (2 player)
Population
200
Speed
Normal
Resources
Standard
Victory
Conquest
Starting age
Dark Age
Ending age
Imperial Age
RankedLock teamsTeams togetherTeam positionsShared explorationLock speedFull tech treeHidden civsTurbo modeCheats
Victory
Defeat
🇲🇽 Maya · Mexico
1342
+17
🇺🇸 Malay · United States
1358
-17
ChavezTRC
0:25 Loom
9:21 Feudal Age
9:30 Man-at-Arms
13:15 Double-Bit Axe
15:32 Padded Archer Armor
19:16 Fletching
23:25 Castle Age
21:56 Scale Mail Armor
22:12 Gold Mining
22:09 Arson
22:51 Horse Collar
23:24 Forging
24:27 Chain Mail Armor
24:25 Squires
25:09 Eagle Warrior
27:09 Iron Casting
28:47 Wheelbarrow
The_Economist
6:54 Loom
10:04 Feudal Age
9:45 Double-Bit Axe
17:10 Town Watch
21:33 Castle Age
19:33 Fletching
20:27 Padded Archer Armor
21:20 Bow Saw
21:26 Bodkin Arrow
21:48 Horse Collar
23:12 Crossbowman
25:24 Elite Skirmisher
29:07 Wheelbarrow
Connection lost

Rejoining the realm…

Still unreachable

The connection could not be restored.

Session expired

The server has moved on; the page needs a fresh start.